 Dungeon Sprint DCSS version 0.15.0 (webtiles) character file.

3798 staplegun the Fighter (level 9, -35/136 (141) HPs)
             Began as a Minotaur Berserker on Aug 28, 2014.
             Was a High Priest of Trog.
             Killed from afar by Nellie (55 damage)
             ... with a blast of flame
             ... in the Dungeon (Sprint III: "The Ten Rune Challenge").
             The game lasted 00:05:15 (2252 turns).

staplegun the Fighter (Minotaur Berserker)          Turns: 2252, Time: 00:05:16

HP -35/136 (141) AC  5     Str 30      XL: 9   Next: 96%
MP   4/4         EV 17     Int  4      God: Trog [*****.]
Gold 37          SH  0     Dex 10      Spells:  0 memorised,  8 levels left

rFire  . . .     SeeInvis .     a - +0 mace
rCold  . . .     Clarity  .     p - +2 robe {MR+}
rNeg   . . .     rCorr    .     (no shield)
rPois  +         rRot     .     (helmet restricted)
rElec  .         Spirit   .     (no cloak)
SustAb .         Warding  .     (no gloves)
rMut   .         NoTele   +     (no boots)
Gourm  .                        (no amulet)
MR     +....                    (no ring)
                                (no ring)

@: berserking, very quick, somewhat resistant to hostile enchantments, extremely
unstealthy
A: retaliatory headbutt, horns 2, poison resistance, screaming 1, spit poison 1
a: Spit Poison, Burn Spellbooks, Berserk, Trog's Hand, Brothers in Arms,
Renounce Religion


You were in the Dungeon.
You worshipped Trog.
Trog was extremely pleased with you.
You were not hungry.

You visited 1 branch You collected 37 gold pieces.

Inventory:

Hand weapons
 a - a +0 mace (weapon)
 d - a +0 dagger
Armour
 b - a +0 animal skin
 e - a cursed +0 leather armour
 k - a +2 robe of cold resistance
 p - a +2 robe of magic resistance (worn)
Magical devices
 r - a wand of digging (10)
Comestibles
 c - a bread ration
 o - 2 fruits
Scrolls
 j - 2 scrolls of recharging {unknown}
 m - 2 scrolls of holy word {unknown}
 n - 2 scrolls of remove curse
 s - a scroll of identify {unknown}
 t - a scroll of amnesia {unknown}
Potions
 f - a potion of haste
 g - 2 potions of magic
 h - a potion of berserk rage
 l - a potion of decay
 q - a potion of flight
 u - 2 potions of cure mutation


   Skills:
 + Level 13.9 Fighting
 + Level 13.8 Maces & Flails
 + Level 13.7 Armour
 + Level 12.6 Dodging


You had 8 spell levels left.
You didn't know any spells.

Dungeon Overview and Level Annotations

Branches:
Dungeon (1/1)

Altars:
Cheibriados
Elyvilon
Fedhas
Kikubaaqudgha
Okawaru
Sif Muna
Trog
Vehumet
Yredelemnul
Zin
The Shining One

Annotations:
D Nellie


Innate Abilities, Weirdness & Mutations

You reflexively headbutt those who attack you in melee.
You have a pair of horns on your head.
Your system is resistant to poisons.
You occasionally shout uncontrollably at your foes.
You can spit poison.


Message History

Your two-headed ogre barely misses Nellie.
Your two-headed ogre hits Nellie but does no damage.
Nellie breathes flames at you. The blast of flame hits you!
Ouch! That really hurt!
* * * LOW HITPOINT WARNING * * *
You closely miss Nellie. You headbutt Nellie!
Nellie is heavily wounded.
The killer bee stings your two-headed ogre!
Your two-headed ogre looks even sicker.
The killer bee poisons your two-headed ogre!
The killer bee stings your two-headed ogre.
You hit Nellie. You headbutt Nellie, but do no damage.
Nellie is heavily wounded.
Your two-headed ogre closely misses Nellie.
Your two-headed ogre barely misses Nellie.
The killer bee stings your two-headed ogre!
Nellie breathes flames at you. The blast of flame hits you!
You die...

.###'#'###'##
.#..........#
.'.⌠........#
.#...######'# .#.⌠.#
#...#+###################
.#...#
#...#.§§≈≈%.#.(.yy%y#.#y#
.#)###
#..)#.#§§y#.#y#.(.##.#.#.
.#.§.#
#...'.#§YO#Y#.#((.#.#y#y#
.#___#
+...#.#§@§#...#...##.#y#.
▓▓▓▓▓▓
▓▓▓▓▓▓▓▓▓▓▓▓▓▓▓▓▓▓#.#.#.#
##.#.#. +.#.#.# ##.#.#.
#+####


You could see Nellie, a killer bee and a friendly two-headed ogre (berserk).

Vanquished Creatures
  Josephine (D)
  A centaur warrior (D)
  An unseen horror (D)
  A deep elf priest (D)
  A shadow (D)
  A necrophage (D)
  2 centaurs (D)
  An earth elemental (D)
  A water elemental (D)
  14 killer bees (D)
  A jelly (D)
  A wizard (D)
  A necromancer (D)
  3 humans (D)
  Jessica (D)
  A kobold demonologist (D)
  A phantom (D)
  2 rats (D)
35 creatures vanquished.

Vanquished Creatures (collateral kills)
  A queen bee (D)
  3 killer bees (D)
4 creatures vanquished.

Vanquished Creatures (others)
  2 draconian scorchers (D)
  A yaktaur (D)
  An ogre (D)
  An electric eel (D)
  2 plants (D)
7 creatures vanquished.

Grand Total: 46 creatures vanquished

Notes
Turn   | Place    | Note
--------------------------------------------------------------
     0 | D        | staplegun, the Minotaur Berserker, began the quest for the Orb.
     0 | D        | Reached XP level 1. HP: 19/19 MP: 1/1
    25 | D        | Noticed Jessica
    28 | D        | Killed Jessica
    28 | D        | Acquired Trog's second power
    28 | D        | Reached skill level 4 in Fighting
    28 | D        | Reached XP level 2. HP: 25/28 MP: 1/1
    53 | D        | Reached skill level 5 in Fighting
    60 | D        | Reached skill level 5 in Maces & Flails
    60 | D        | Reached XP level 3. HP: 18/36 MP: 2/2
   183 | D        | Gained mutation: You can spit poison. [potion of mutation]
   183 | D        | Gained mutation: Your system is resistant to poisons. [potion of mutation]
   183 | D        | Gained mutation: You occasionally shout uncontrollably at your foes. [potion of mutation]
   184 | D        | Noticed a water elemental
   187 | D        | Killed a water elemental
   187 | D        | Reached skill level 6 in Fighting
   187 | D        | Reached skill level 5 in Armour
   187 | D        | Reached skill level 5 in Dodging
   187 | D        | Reached XP level 4. HP: 7/42 MP: 2/2
   334 | D        | Killed a white draconian scorcher
   438 | D        | Found a glowing silver altar of Zin.
   439 | D        | Found a glowing golden altar of the Shining One.
   439 | D        | Found a white marble altar of Elyvilon.
   439 | D        | Noticed a deep elf priest
   443 | D        | Killed a deep elf priest
   443 | D        | Reached skill level 8 in Fighting
   443 | D        | Reached XP level 5. HP: 43/53 MP: 2/2
   443 | D        | Reached XP level 6. HP: 47/59 MP: 3/3
   506 | D        | Found an iron altar of Okawaru.
   506 | D        | Found a bloodstained altar of Trog.
   506 | D        | Noticed a human
   507 | D        | Noticed a human
   527 | D        | Killed a human
   527 | D        | Reached skill level 9 in Fighting
   533 | D        | Killed a human
   533 | D        | Reached XP level 7. HP: 49/68 MP: 3/3
   626 | D        | Found a radiant altar of Vehumet.
   626 | D        | Found a deep blue altar of Sif Muna.
   626 | D        | Found an ancient bone altar of Kikubaaqudgha.
   626 | D        | Noticed a wizard
   631 | D        | Killed a wizard
   631 | D        | Acquired Trog's third power
   631 | D        | Reached skill level 10 in Fighting
   651 | D        | Found a basalt altar of Yredelemnul.
   651 | D        | Found a snail-covered altar of Cheibriados.
   651 | D        | Found a blossoming altar of Fedhas.
   651 | D        | Noticed a necrophage
   651 | D        | Noticed a necromancer
   655 | D        | Killed a necrophage
   655 | D        | Reached skill level 10 in Maces & Flails
   655 | D        | Reached skill level 10 in Armour
   660 | D        | Killed a necromancer
   824 | D        | Noticed a jelly
   825 | D        | Noticed a shadow
   831 | D        | Killed a jelly
   856 | D        | Killed a shadow
  1041 | D        | Noticed Josephine
  1067 | D        | Killed Josephine
  1067 | D        | Received a gift from Trog
  1067 | D        | Reached skill level 12 in Fighting
  1067 | D        | Reached skill level 10 in Dodging
  1067 | D        | Reached XP level 8. HP: 33/80 MP: 3/3
  1338 | D        | Noticed an earth elemental
  1361 | D        | Killed an earth elemental
  1375 | D        | Killed an electric eel
  1380 | D        | Killed a yaktaur
  1521 | D        | Noticed a centaur
  1521 | D        | Noticed a centaur warrior
  1521 | D        | Noticed a centaur
  1534 | D        | Killed a centaur warrior
  1534 | D        | Reached XP level 9. HP: 80/89 MP: 4/4
  1535 | D        | Killed a centaur
  1536 | D        | Killed a centaur
  1536 | D        | Reached skill level 13 in Fighting
  1660 | D        | Killed an unseen horror
  1922 | D        | Noticed a killer bee
  1922 | D        | Noticed a killer bee
  1922 | D        | Noticed a killer bee
  1922 | D        | Noticed a killer bee
  1922 | D        | Noticed a killer bee
  1922 | D        | Noticed a killer bee
  1922 | D        | Noticed a killer bee
  1922 | D        | Noticed a killer bee
  1922 | D        | Noticed a killer bee
  1922 | D        | Noticed a killer bee
  1922 | D        | Noticed a killer bee
  1922 | D        | Noticed a killer bee
  1922 | D        | Noticed a killer bee
  1923 | D        | Noticed a killer bee
  1923 | D        | Noticed a killer bee
  1923 | D        | Noticed a queen bee
  1925 | D        | Noticed a killer bee
  1926 | D        | Noticed a killer bee
  1927 | D        | Noticed a killer bee
  1927 | D        | Killed a killer bee
  1929 | D        | Noticed a killer bee
  1929 | D        | Killed a killer bee
  1931 | D        | Killed a killer bee
  1932 | D        | Noticed a killer bee
  1934 | D        | Noticed Nellie
  1935 | D        | Noticed a killer bee
  1942 | D        | Killed a killer bee
  1944 | D        | Killed a killer bee
  1945 | D        | Killed a killer bee
  1947 | D        | Killed a killer bee
  1948 | D        | Killed a killer bee
  1958 | D        | Killed a killer bee
  1960 | D        | Killed a queen bee
  1961 | D        | Killed a white draconian scorcher
  1966 | D        | Killed a killer bee
  1967 | D        | Noticed a killer bee
  1973 | D        | Killed a killer bee
  1973 | D        | Received a gift from Trog
  1974 | D        | Killed a killer bee
  1979 | D        | Killed a killer bee
  1983 | D        | Killed a killer bee
  2231 | D        | Noticed a killer bee
  2232 | D        | Killed a killer bee
  2234 | D        | Killed a killer bee
  2236 | D        | Killed a killer bee
  2252 | D        | Killed from afar by Nellie

Action                   |  1- 3 |  4- 6 |  7- 9 || total
-------------------------+-------+-------+-------++-------
Melee: Mace              |    16 |    16 |   125 ||   157
Invok: Berserk           |       |       |     3 ||     3
       Burn Spellbooks   |       |       |     1 ||     1
       Trog's Hand       |       |       |     4 ||     4
       Brothers in Arms  |       |       |     2 ||     2
Evoke: Wand              |       |       |     1 ||     1
  Use: Potion            |     4 |       |     3 ||     7
       Scroll            |       |       |     1 ||     1
  Eat: Bread ration      |       |       |     1 ||     1
       Fruit             |       |       |     2 ||     2
       Chunk             |       |       |     1 ||     1
